 Dungeon Crawl Stone Soup version 0.20-a0-454-g2b43fbb (webtiles) character file.

35 HarleyQuinn the Changer (level 3, -1/15 HPs)
             Began as a Felid Transmuter on Jan 8, 2017.
             Slain by a worm (9 damage)
             ... on level 2 of the Dungeon.
             The game lasted 00:05:00 (3428 turns).

HarleyQuinn the Changer (Felid Transmuter)          Turns: 3428, Time: 00:05:00

Health: -1/15      AC:  1    Str:  6    XL:     3   Next: 17%
Magic:  7/7        EV: 18    Int: 15    God:
Gold:   125        SH:  0    Dex: 16    Spells: 2/6 levels left
                                        Lives:  0   Deaths: 1

rFire  . . .     SeeInvis +       - Unarmed
rCold  + . .     Gourm    .     (armour unavailable)
rNeg   . . .     Faith    .     (shield unavailable)
rPois  .         Spirit   .     (helmet unavailable)
rElec  .         Reflect  .     (cloak unavailable)
rCorr  .         Harm     .     (gloves unavailable)
MR     .....                    (boots unavailable)
Stlth  ++........               (no amulet)
                                (no ring)
                                h - ring of protection from cold

@: quick
A: no armour, no weapons or thrown items, stealth, claws 1, fangs 3, see
invisible, carnivore 3, speed 1, shaggy fur 1, slow metabolism 1, sharp paws
a: no special abilities


You were on level 2 of the Dungeon.
You were full.

You visited 1 branch of the dungeon, and saw 2 of its levels.

You collected 125 gold pieces.

Inventory:

Missiles
 a - 90 arrows
Jewellery
 h - a ring of protection from cold (left paw)
Scrolls
 d - 2 scrolls of identify {unknown}
 e - 2 scrolls of recharging {unknown}
 i - 2 scrolls of remove curse {unknown}
 m - a scroll of enchant weapon {unknown}
 q - a scroll of blinking {unknown}
Potions
 g - 2 potions of cancellation {unknown}
 j - a potion of berserk rage {unknown}
 l - a potion of flight {unknown}
 o - a potion of agility {unknown}
 p - a potion of heal wounds {unknown}
Books
 b - a book of Changes

   Spells                             Type                      Level
   a - Beastly Appendage              Transmutation                1
   b - Sticks to Snakes               Transmutation                2
   c - Spider Form                    Transmutation/Poison         3
   d - Ice Form                       Ice/Transmutation            4
   e - Blade Hands                    Transmutation                5
Comestibles
 c - 2 meat rations
 f - 4 bread rations
 n - 10 fruits


   Skills:
 - Level 1.0 Fighting
 - Level 2.6 Dodging
 - Level 3.0 Unarmed Combat
 - Level 2.0 Spellcasting
 + Level 4.0 Transmutations
 - Level 2.1 Poison Magic


You had 2 spell levels left.
You knew the following spells:

 Your Spells              Type           Power        Failure   Level  Hunger
a - Beastly Appendage     Tmut           ##....       4%          1    #......
b - Spider Form           Tmut/Pois      ##........   21%         3    ###....


Dungeon Overview and Level Annotations

Branches:
Dungeon (2/15)

Altars:


Innate Abilities, Weirdness & Mutations

You cannot wear armour.
You are incapable of wielding weapons or throwing items.
Your paws allow you to move quietly. (Stealth)
You have sharp claws.
You have razor-sharp teeth.
You have supernaturally acute eyesight. (SInv)
You are carnivorous and can eat meat at any time.
You cover ground quickly.
You are covered in fur. (AC +1)
You have a slow metabolism.
Your sharp claws are effective at attacking unaware monsters.


Message History

You are now level 3!
Your horns disappear.
You rejoin the land of the living...
Found 17 arrows and a mace.
Eating one of 3 chunks of flesh.
You eat one of the 3 chunks of flesh.
This raw flesh tastes great.
Eating one of 2 chunks of flesh.
You eat one of the 2 chunks of flesh.
This raw flesh tastes great.
Eating a chunk of flesh.
You eat the chunk of flesh.
This raw flesh tastes great.
a - 90 arrows (gained 17)
The worm is too close now for your liking.
A worm is nearby!
A worm is nearby!
A worm is nearby!
A worm is nearby!
The worm bites you! The worm bites you!
Ouch! That really hurt!
You die...

.......w.# #..
.........# #.#
......#..# #.#
##....#..# #.#
#.##.#..# #.#
#.##.#..# #.#
#.#....$)
##)#####.#w###.#
#........@.....#
########.#.#####
#.#.# #.#.#
..... #.#.#
#.... #.... #


You could see a worm.

Vanquished Creatures
  2 adders (D:2)
  An ooze (D:1)
  A worm (D:2)
  A dart slug (D:1)
  2 leopard geckos
  5 bats
  3 giant cockroaches (D:2)
  10 goblins
  4 hobgoblins
  6 jackals
  3 frilled lizards
  2 kobolds (D:1)
  9 rats
49 creatures vanquished.

Notes
Turn   | Place    | Note
-------+----------+-------------------------------------------
     0 | D:1      | HarleyQuinn the Felid Transmuter began the quest for the Orb.
     0 | D:1      | Reached XP level 1. HP: 9/9 MP: 4/4
   313 | D:1      | Reached skill level 3 in Transmutations
   313 | D:1      | Reached XP level 2. HP: 7/12 MP: 4/6
  1318 | D:1      | Reached XP level 3. HP: 9/15 MP: 5/7
  1348 | D:1      | Learned a level 3 spell: Spider Form
  1690 | D:1      | Reached skill level 4 in Transmutations
  2199 | D:2      | Reached skill level 1 in Poison Magic
  3024 | D:2      | Reached XP level 4. HP: 6/19 MP: 6/8
  3408 | D:2      | Slain by a worm
  3409 | D:2      | Reached XP level 3. HP: 0/15 MP: 7/7
  3428 | D:2      | Slain by a worm

Vault maps used:
D:1:      lemuel_arrival_room, serial_glass, glass_columns_c, glass_columns_a,
          glass_columns_a, glass_columns_a, glass_columns_a, glass_columns_a,
          minmay_pentomino_o4
D:2:      bh_chokoban

Skill      XL: |  1  2  3  4 |
---------------+-------------+-----
Transmutations | 3 4 |  4.0
Poison Magic   | 1 2 |  2.1
Fighting       | |  1.0
Dodging        | |  2.6
Unarmed Combat | |  3.0
Spellcasting   | |  2.0

Action                   |  1- 3 |  4- 6 || total
-------------------------+-------+-------++-------
Melee: Unarmed           |   121 |    23 ||   144
       Bite              |     8 |     2 ||    10
       Headbutt          |    12 |     2 ||    14
       Punch             |     1 |       ||     1
 Cast: Beastly Appendage |    29 |     3 ||    32
 Stab: Sleeping          |     2 |       ||     2
  Eat: Chunk             |    14 |     2 ||    16
Armor: Skin              |     6 |     2 ||     8
Dodge: Dodged            |   115 |    11 ||   126
